AoeStats
← 巨炮叔叔

African Clearing

510749578Analyzed
4v4 RM · 11h ago on Oct 2, 2026· 36m 19s· 8 players
Game mode
Random Map
Map size
Large (8 player)
Population
200
Speed
Normal
Resources
Standard
Victory
Conquest
Starting age
Dark Age
Ending age
Imperial Age
RankedLock teamsTeams togetherTeam positionsShared explorationLock speedFull tech treeHidden civsTurbo modeCheats
Victory
Defeat
🇨🇳 Koreans · China
1421
+11
🇨🇳 Saracens · China
1413
+12
🇨🇳 Slavs · China
1306
+16
🇨🇳 Berbers · China
1300
+16
🇨🇳 Jurchens · China
1544
-22
🇮🇳 Magyars · India
1336
-15
🇨🇳 Varangians · China
1203
-10
🇨🇳 Franks · China
1150
-8
NUR
13:08 Feudal Age
15:55 Bloodlines
17:04 Bloodlines
17:35 Horse Collar
23:19 Castle Age
22:08 Wheelbarrow
21:23 Double-Bit Axe
24:39 Wheelbarrow
24:22 Bow Saw
23:56 Light Cavalry
24:37 Husbandry
27:11 Scale Barding Armor
28:29 Heavy Plow
30:47 Loom
31:17 Hand Cart
30:47 Town Watch
33:43 Fletching
34:17 Chain Barding Armor
35:00 Bodkin Arrow
见面问声好
13:14 Feudal Age
17:02 Castle Age
23:14 Wheelbarrow
23:00 Double-Bit Axe
23:51 Loom
23:52 Pikeman
28:37 Bow Saw
28:53 Hand Cart
小敏
9:09 Loom
13:03 Feudal Age
15:23 Double-Bit Axe
17:22 Bloodlines
23:08 Castle Age
风墨
8:09 Loom
亮刀吧
10:35 Loom
13:18 Feudal Age
18:40 Castle Age
18:36 Double-Bit Axe
23:06 Bow Saw
22:38 Horse Collar
25:06 Forging
26:23 Wheelbarrow
29:36 Hand Cart
29:45 Stone Mining
29:51 Gold Mining
32:14 Scale Barding Armor
35:00 Imperial Age
32:17 Town Watch
33:47 Gold Shaft Mining
33:39 Heavy Plow
34:17 Chain Barding Armor
35:36 Iron Casting
36:48 Plate Barding Armor
36:48 Conscription
37:31 Blast Furnace
36:48 Bloodlines
36:38 Husbandry
Yo win
10:19 Loom
13:53 Feudal Age
17:50 Castle Age
16:16 Double-Bit Axe
19:10 Wheelbarrow
18:53 Fletching
22:46 Bodkin Arrow
24:14 Padded Archer Armor
27:55 Bow Saw
28:44 Ballistics
29:43 Horse Collar
33:12 Bloodlines
36:19 Imperial Age
34:01 Husbandry
34:52 Leather Archer Armor
35:08 Stone Mining
35:09 Gold Mining
37:05 Stone Shaft Mining
36:31 Heavy Plow
巨炮叔叔
5:50 Loom
13:43 Feudal Age
17:56 Castle Age
16:35 Scale Barding Armor
17:19 Forging
31:23 Wheelbarrow
35:55 Chain Barding Armor
Mr.Robin
9:18 Loom
11:31 Feudal Age
9:48 Loom
12:05 Double-Bit Axe
12:12 Horse Collar
19:58 Castle Age
19:48 Fletching
21:02 Bow Saw
21:34 Town Watch
25:13 Wheelbarrow
24:59 Bodkin Arrow
26:55 Squires
29:54 Hand Cart
30:32 Husbandry
31:24 Town Patrol
34:23 Imperial Age
32:43 Thumb Ring
33:00 Ballistics
33:19 Eupseong
33:23 Gold Mining
35:26 Bracer
Connection lost

Rejoining the realm…

Still unreachable

The connection could not be restored.

Session expired

The server has moved on; the page needs a fresh start.